Map: New Repugnancy LE

Players

Smileblind

  • Race: Protoss Protoss
  • League: Silver
  • Spawn Location: 7:00

VOD

Have the link to the VOD?

Description

Time

  • Played on: Jan. 28, 2019, 9:48 p.m.
  • Length: 12:51
Show
View Real Time Build Order
Export as new Build Order

Smileblind Protoss 

Build Orders:  

Get SALT Encoding   

  12  0:02  Probe (Chrono Boost)  
  13  0:16  Probe (Chrono Boost)  
  14  0:31  Probe (Chrono Boost)  
  14  0:38  Pylon  
  15  0:54  Assimilator  
  15  1:05  Probe (Chrono Boost)  
  16  1:19  Gateway  
  16  1:20  Probe (Chrono Boost)  
  16  1:25  Assimilator  
  17  1:31  Probe (Chrono Boost)  
  18  1:42  Probe (Chrono Boost)  
  18  1:49  Forge  
  19  2:10  Pylon  
  19  2:19  Probe (Chrono Boost)  
  20  2:36  Probe (Chrono Boost)  
  21  2:41  Cybernetics Core  
  21  2:45  Zealot  
  23  2:52  Probe (Chrono Boost)  
  24  3:09  Probe (Chrono Boost)  
  25  3:26  Probe (Chrono Boost)  
  26  3:30  Pylon  
  26  3:41  Nexus  
  26  3:42  Stalker  
  28  4:00  Gateway  
  28  4:04  Probe (Chrono Boost)  
  29  4:19  Robotics Facility  
  30  4:21  Probe (Chrono Boost)  
  30  4:24  Protoss Ground Weapons Level 1  
  30  4:28  Shield Battery  
  30  4:42  Sentry  
  30  5:03  Shield Battery  
  30  5:05  Shield Battery  
  30  5:12  Probe (Chrono Boost)  
  31  5:20  Assimilator  
  31  5:27  Probe (Chrono Boost)  
  31  5:28  Assimilator  
  31  5:29  Probe (Chrono Boost)  
  33  5:37  Warp Gate  
  33  5:38  Probe (Chrono Boost)  
  33  5:39  Immortal  
  33  5:46  Probe (Chrono Boost)  
  35  5:56  Probe (Chrono Boost)  
  40  6:13  Probe (Chrono Boost)  
  41  6:22  Sentry  
  44  6:30  Probe (Chrono Boost)  
  44  6:39  Pylon  
  44  6:47  Probe (Chrono Boost)  
  45  6:56  Pylon  
  45  7:04  Probe (Chrono Boost)  
  45  7:06  Pylon  
  45  7:07  Immortal  
  50  7:19  Stalker  
  53  7:20  Probe (Chrono Boost)  
  53  7:31  Probe (Chrono Boost)  
  53  7:38  Robotics Bay  
  54  7:43  Probe (Chrono Boost)  
  55  7:54  Probe (Chrono Boost)  
  55  7:59  Pylon  
  56  8:02  Probe (Chrono Boost), Observer  
  56  8:03  Pylon  
  56  8:05  Probe (Chrono Boost)  
  59  8:12  Shield Battery, Zealot  
  59  8:15  Zealot  
  59  8:19  Probe (Chrono Boost)  
  64  8:34  Gateway  
  64  8:40  Protoss Ground Armor Level 1  
  64  8:43  Photon Cannon  
  64  8:47  Photon Cannon  
  64  9:00  Photon Cannon  
  64  9:16  Colossus  
  64  9:20  Nexus  
  70  9:47  Probe (Chrono Boost)  
  71  9:59  Twilight Council  
  71  10:00  Extended Thermal Lance  
  71  10:04  Probe (Chrono Boost)  
  71  10:06  Shield Battery  
  71  10:08  Shield Battery  
  72  10:14  Gateway  
  73  10:21  Probe (Chrono Boost)  
  73  10:23  Sentry  
  73  10:25  Gateway  
  73  10:28  Zealot  
  77  10:42  Colossus  
  83  11:13  Probe (Chrono Boost)  
  83  11:17  Probe x2 (Chrono Boost)  
  86  11:29  Assimilator  
  87  11:30  Probe (Chrono Boost)  
  87  11:34  Probe x2 (Chrono Boost)  
  87  11:35  Assimilator  
  89  11:42  Photon Cannon  
  89  11:44  Photon Cannon  
  89  11:47  Probe (Chrono Boost)  
  92  11:51  Probe x2 (Chrono Boost)  
  92  11:55  Stalker  
  92  11:57  Stalker  
  96  12:04  Probe (Chrono Boost)  
  96  12:08  Probe (Chrono Boost)  
  98  12:13  Zealot x3  
  93  12:21  Probe (Chrono Boost)  
Tags
 
Add a new tag
Caveats
  • Supply blocks, unpowered buildings, or Contaminate may cause inaccurate times.
  • Supply counts are checked every 10 seconds.